 Dungeon Crawl Stone Soup version 0.19.4-8-ga85b6b9 (webtiles) character file.

110 doot the Magician (level 4, -1/24 HPs)
             Began as a Deep Elf Wizard on Feb 14, 2017.
             Was an Initiate of Vehumet.
             Slain by an adder (2 damage)
             ... on level 2 of the Dungeon.
             The game lasted 00:12:53 (3204 turns).

doot the Magician (Deep Elf Wizard)                 Turns: 3204, Time: 00:12:53

Health: -1/24      AC:  5    Str:  4    XL:     4   Next: 61%
Magic:  1/14       EV: 13    Int: 24    God:    Vehumet [......]
Gold:   64         SH:  0    Dex: 13    Spells: 4 memorised, 8 levels left

rFire  + . .     SeeInvis .     e - +0 dagger
rCold  . . .     Gourm    .     i - +2 robe {rF+}
rNeg   . . .     Faith    .     (no shield)
rPois  .         Spirit   .     b - +1 hat
rElec  .         Reflect  .     (no cloak)
rCorr  .         Harm     .     (no gloves)
MR     .....                    (no boots)
Stlth  ++........               (no amulet)
                                (no ring)
                                (no ring)

@: lethally poisoned (-1 -> -3), very slightly contaminated
A: no striking features
a: Renounce Religion


You were on level 2 of the Dungeon.
You worshipped Vehumet.
Vehumet was noncommittal.
You were hungry.

You visited 1 branch of the dungeon, and saw 3 of its levels.

You collected 64 gold pieces.

Inventory:

Hand Weapons
 e - a +0 dagger (weapon)
Armour
 a - a +0 robe
 b - a +1 hat (worn)
 i - a +2 robe of fire resistance (worn)
Books
 c - a book of Minor Magic

   Spells                             Type                      Level
   a - Magic Dart                     Conjuration                  1
   b - Blink                          Translocation                2
   c - Call Imp                       Summoning                    2
   d - Repel Missiles                 Charms/Air                   2
   e - Slow                           Hexes                        2
   f - Conjure Flame                  Conjuration/Fire             3
   g - Mephitic Cloud                 Conjuration/Poison/Air       3
Comestibles
 d - 2 bread rations
 f - 2 meat rations
 j - 5 fruits


   Skills:
 + Level 0.2 Short Blades
 + Level 2.8 Dodging
 + Level 2.7 Stealth
 * Level 6.6 Spellcasting
 + Level 2.1 Conjurations
 + Level 1.1 Summonings
 + Level 1.1 Translocations


You had 8 spell levels left.
You knew the following spells:

 Your Spells              Type           Power        Failure   Level  Hunger
a - Magic Dart            Conj           ###.         3%          1    None
b - Blink                 Tloc           N/A          10%         2    None
c - Call Imp              Summ           ##......     10%         2    None
d - Mephitic Cloud        Conj/Pois/Air  ##......     21%         3    None


Dungeon Overview and Level Annotations

Branches:
Dungeon (3/15)

Altars:
Ashenzari
Makhleb
Vehumet


Message History

Okay, then.
* * * LOW HITPOINT WARNING * * *
You feel sick. The adder barely misses you.
* * * LOW HITPOINT WARNING * * *
You feel sick.
* * * LOW HITPOINT WARNING * * *
You feel sick. The adder closely misses you.
* * * LOW HITPOINT WARNING * * *
You feel sick.
Casting: Call Imp
Confirm with . or Enter, or press ? or * to list all spells.
Aiming: Magic Dart
Press: ? - help, Shift-Dir - straight line, f - adder
Aim: an adder (moderately wounded)
The magic dart hits the adder.
The adder is heavily wounded.
The adder barely misses you. The adder bites you.
You die...

......# #.....#.....
....#.# #.###.#.###.
...)#.#### #.#...#...#.
.........# #.#########.
###.†.)..# #...........
#......#
#######.#########.
###......#
#.....#.#...#...#.
.........#
#.###.#.#.#.#.#.#.
.......(.#
#@#...#.#.#.#.#.#.
......#..#
#S#####.###.#.###.
.#######.#
#...........#..... .#
#.#######5#########.#.####
##
#.#.....#.#...#...#.#.....
#.#.###.#.#.#.#.#.#.#.###.
#.#.#...#.#.#.#.#.#.#...#.
#.#.#####.###.#.###.#####.
#.#.........5.#...........


You could see an adder and a friendly iron imp.

Vanquished Creatures
  2 adders (D:2)
  2 gnolls (D:2)
  4 worms (D:2)
  2 dart slugs
  2 leopard geckos
  4 bats
  5 giant cockroaches
  2 goblins (D:2)
  9 hobgoblins
  2 jackals (D:2)
  7 kobolds
  2 quokkas (D:2)
  5 frilled lizards
  9 rats
57 creatures vanquished.

Vanquished Creatures (collateral kills)
  A jackal (D:2)
  A frilled lizard (D:2)
2 creatures vanquished.

Grand Total: 59 creatures vanquished

Notes
Turn   | Place    | Note
-------+----------+-------------------------------------------
     0 | D:1      | doot the Deep Elf Wizard began the quest for the Orb.
     0 | D:1      | Reached XP level 1. HP: 10/10 MP: 7/7
   484 | D:1      | Reached XP level 2. HP: 15/15 MP: 5/9
   490 | D:1      | Reached skill level 5 in Spellcasting
   535 | D:1      | Learned a level 2 spell: Blink
   538 | D:1      | Learned a level 2 spell: Call Imp
   541 | D:1      | Learned a level 2 spell: Slow
  1383 | D:2      | Reached XP level 3. HP: 19/19 MP: 7/12
  2262 | D:2      | Found a radiant altar of Vehumet.
  2271 | D:2      | Became a worshipper of Vehumet
  2354 | D:2      | Reached skill level 6 in Spellcasting
  2433 | D:2      | Learned a level 3 spell: Mephitic Cloud
  2444 | D:2      | Reached XP level 4. HP: 24/24 MP: 5/14
  2803 | D:2      | Found a faded altar of an unknown god.
  3024 | D:2      | Found a faded altar of an unknown god.
  3024 | D:2      | Found a faded altar of an unknown god.
  3029 | D:2      | Found a faded altar of an unknown god.
  3031 | D:2      | Found a shattered altar of Ashenzari.
  3033 | D:2      | Found a burning altar of Makhleb.
  3203 | D:2      | HP: 1/24 [poisoned by an adder]
  3204 | D:2      | Slain by an adder

Skill      XL: |  1  2  3  4 |
---------------+-------------+-----
Spellcasting   | 5 6 |  6.6
Conjurations   | 2 |  2.1
Short Blades   | |  0.2
Dodging        | |  2.8
Stealth        | |  2.7
Summonings     | |  1.1
Translocations | |  1.1

Action                   |  1- 3 |  4- 6 || total
-------------------------+-------+-------++-------
Melee: Dagger            |    32 |    31 ||    63
 Cast: Magic Dart        |    99 |    41 ||   140
       Blink             |     3 |     7 ||    10
       Call Imp          |     3 |     3 ||     6
       Mephitic Cloud    |       |     3 ||     3
  Use: Scroll            |     4 |     1 ||     5
       Potion            |     1 |     1 ||     2
  Eat: Chunk             |     3 |     3 ||     6
Armor: Robe              |     8 |    10 ||    18
Dodge: Dodged            |    31 |    39 ||    70
